 Dungeon Crawl Stone Soup version 0.29-a0-43-g62a80824bf (webtiles) character file.

Game seed: 1335475421997938993

39 zazu2006 the Magician (level 3, -4/28 HPs)
             Began as a Naga Hedge Wizard on Feb 3, 2022.
             Slain by a gnoll (5 damage)
             ... on level 2 of the Dungeon.
             The game lasted 00:04:03 (1837 turns).

zazu2006 the Magician (Naga Hedge Wizard)           Turns: 1837, Time: 00:04:04

Health: -4/28      AC:  5    Str: 12    XL:     3   Next: 47%
Magic:  2/8        EV:  9    Int: 16    God:
Gold:   23         SH:  0    Dex: 10    Spells: 0/9 levels left

rFire   . . .      SeeInvis +   d - +3 war axe
rCold   . . .      Faith    .   (no shield)
rNeg    . . .      Spirit   .   j - +0 leather armour
rPois   +          Reflect  .   c - +0 hat
rElec   .          Harm     .   h - +2 cloak
rCorr   .          Rampage  .   (no gloves)
Will    .....                   (no barding)
Stlth   ++........              (no amulet)
HPRegen 0.09/turn               (no ring)
MPRegen 0.11/turn               (no ring)

@: short of breath, very slow
A: AC +1, large, see invisible, deformed body, poison resistance, slowness 2,
spit poison 1, naga tail 1
a: Spit Poison


You were on level 2 of the Dungeon.
You visited 1 branch of the dungeon, and saw 2 of its levels.

You collected 23 gold pieces.

Inventory:

Hand Weapons
 d - a +3 war axe (weapon)
Armour
 b - the +7 chain mail of the Blacksmith {rC+ rN+}
   (You found it on level 2 of the Dungeon)

   rC:        It protects you from cold.
   rN:        It protects you from negative energy.
 c - a +0 hat (worn)
 h - a +2 cloak (worn)
 j - a +0 leather armour (worn)
Scrolls
 a - 2 scrolls of teleportation {unknown}
 e - a scroll of enchant armour {unknown}
 f - 2 scrolls of identify {unknown}
 g - 2 scrolls of immolation {unknown}
 i - 2 scrolls of enchant weapon {unknown}


   Skills:
 + Level 0.1 Axes
 + Level 2.0 Dodging
 + Level 3.2 Stealth
 + Level 3.8 Spellcasting
 + Level 1.2 Conjurations
 + Level 1.0 Summonings
 + Level 1.0 Translocations
 * Level 0.1 Poison Magic


You couldn't memorise any spells.
You knew the following spells:

 Your Spells              Type           Power      Damage    Failure   Level
a - Magic Dart            Conj           28%        1d4       13%         1
b - Mephitic Cloud        Conj/Pois/Air  4%         N/A       47%         3
c - Conjure Flame         Conj/Fire      5%         6-21      45%         3
d - Blink                 Tloc           12%        N/A       22%         2

Your spell library contained the following spells:

 Spells                   Type           Power      Damage    Failure   Level
 Slow                     Hex            12%        N/A       22%         1
 Call Imp                 Summ           6%         N/A       22%         2
 Hailstorm                Conj/Ice       5%         3d4       86%         4
 Ice Form                 Ice/Tmut       3%         N/A       91%         4
 Simulacrum               Ice/Necr       1%         N/A       100%        6


Dungeon Overview and Level Annotations

Branches:
Dungeon (2/15)

Altars:
Xom


Innate Abilities, Weirdness & Mutations

Your serpentine skin is tough. (AC +1)
You have supernaturally acute eyesight. (SInv)
Armour fits poorly on your strangely shaped body.
Your system is resistant to poisons. (rPois)
You cover ground very slowly.
You can spit poison.
You have a snake-like lower body.


Message History

Confirm with . or Enter, or press ? or * to list all spells.
Aiming: Magic Dart (safe; 13% risk of failure)
Press: ? - help, Shift-Dir - straight line, f/p - worm
Aim: a worm (moderately wounded, poisoned, 100% to hit)
The magic dart hits the worm but does no damage.
The worm is moderately wounded.
The worm bites you!
* * * LOW HITPOINT WARNING * * *
A hobgoblin comes into view.
You have got your breath back.
The hobgoblin shouts!
The worm looks more healthy.
Your magical contamination has completely faded away.
The hobgoblin hits you.
* * * LOW HITPOINT WARNING * * *
The hobgoblin hits you but does no damage.
A gnoll comes into view. It is wielding a +0 spear.
Aiming: Spit Poison (2% risk of failure)
Press: ? - help, Shift-Dir - straight line, f - hobgoblin
Aim: a hobgoblin (59% to hit)
The splash of poison hits the hobgoblin but does no damage.
The hobgoblin hits you but does no damage.
The gnoll shouts!
The hobgoblin hits you.
* * * LOW HITPOINT WARNING * * *
The hobgoblin barely misses you.
A gnoll comes into view. It is wielding a +0 club.
The hobgoblin hits you.
* * * LOW HITPOINT WARNING * * *
The gnoll moves out of view.
You aren't carrying any potions.
Unknown command.
The gnoll shouts!
The gnoll hits you from afar with a +0 spear.
* * * LOW HITPOINT WARNING * * *
The hobgoblin barely misses you.
You aren't carrying any potions.
A gnoll comes into view. It is wielding a +0 flail.
The gnoll hits you with a +0 spear.
You die...

#.# ####...##....#..#
##.##### ##......###.##
.......# ###......# #.#
.......# #.....g..###.#
.......#######.<......#...#
......)†........#g....#<###
......>####.÷..##.##....#
## ......># #.#..##g.####.#
###. .......#
#.##..@..##...# #.).
.......# ..#####..##.###
##.## ###.#.## .###
##g#..#######..# #.... ..
#w......)....## .... ##
#...######..## #
#...#####...#...
#.#...........).
#....##..####### #.......##


You could see a worm, 3 gnolls and a hobgoblin.

Vanquished Creatures
  2 dart slugs (D:1)
  4 ball pythons (D:1)
  2 bats (D:1)
  3 endoplasms (D:1)
  A giant cockroach (D:1)
  5 goblins
  6 hobgoblins
  A jackal (D:1)
  3 kobolds
  2 frilled lizards (D:1)
  4 rats
33 creatures vanquished.

Notes
Turn   | Place    | Note
-------+----------+-------------------------------------------
     0 | D:1      | zazu2006 the Naga Hedge Wizard began the quest for the Orb.
     0 | D:1      | Reached XP level 1. HP: 15/15 MP: 4/4
   132 | D:1      | Reached XP level 2. HP: 4/22 MP: 6/6
   888 | D:1      | Reached XP level 3. HP: 28/28 MP: 6/8
   916 | D:1      | Learned a level 3 spell: Mephitic Cloud
   920 | D:1      | Learned a level 3 spell: Conjure Flame
   923 | D:1      | Learned a level 2 spell: Blink
  1598 | D:2      | Found a shimmering altar of Xom.
  1684 | D:2      | Identified the +7 chain mail of the Blacksmith {rC+ rN+}
  1836 | D:2      | HP: 1/28 [gnoll (4)]
  1837 | D:2      | Slain by a gnoll

Illustrated notes

Levels and vault maps discovered:
D:1:      lightli_arrival_maybe_door_vault, layout_basic,
          minmay_splitting_lines, minmay_tetromino_i4
D:2:      layout_rooms, basic_altar, uniq_robin

Skill      XL: |  1  2  3 |
---------------+----------+-----
Dodging        | 2 |  2.0
Axes           | |  0.1
Stealth        | |  3.2
Spellcasting   | |  3.8
Conjurations   | |  1.2
Summonings     | |  1.0
Translocations | |  1.0
Poison Magic   | |  0.1

Action                   || total
-------------------------++-------
Melee: War axe           ||    28
 Cast: Magic Dart        ||    57
 Abil: Spit Poison       ||     6
 Stab: Sleeping          ||     1
Armor: Robe              ||    12
       Leather armour    ||     6
Dodge: Dodged            ||    19

Table legend: (Time is in decaauts)
 A = Elapsed time spent in this place.
 B = Non-inter-level travel time spent in this place.
 C = Inter-level travel time spent in this place.
 D = Time resting spent in this place.
 E = Time spent auto-exploring this place.
 F = Levels seen in this place.
 G = Mean time per level.
                   A        B        C        D        E       F      G
               +--------+--------+--------+--------+--------+-----+--------+
         Total |   2235 |   2047 |    188 |      0 |   1707 |   2 | 1117.5 |
       Dungeon |   2235 |   2047 |    188 |      0 |   1707 |   2 | 1117.5 |
               +--------+--------+--------+--------+--------+-----+--------+

Top non-repeatable levels by time:
     D:1: 1942 daAuts
     D:2: 293 daAuts
